 Dungeon Crawl Stone Soup version 0.20-a0-68-g2fb812e (webtiles) character file.

10971 Espgualade the Thaumaturge (level 11, 0/74 HPs)
             Began as an Octopode Ice Elementalist on Nov 17, 2016.
             Was a Priest of Vehumet.
             Slain by a freezing wraith (15 damage)
             ... on level 11 of the Dungeon.
             The game lasted 00:47:05 (12218 turns).

Espgualade the Thaumaturge (OpIE)                  Turns: 12218, Time: 00:47:06

Health: 0/74       AC: 12    Str: 10    XL:     11   Next: 70%
Magic:  6/23       EV: 16    Int: 28    God:    Vehumet [***...]
Gold:   375        SH:  4    Dex: 13    Spells: 7 memorised, 5 levels left

rFire  . . .     SeeInvis .     g - +1 flail (crush)
rCold  . . .     Gourm    .     H - +0 buckler
rNeg   . . .     Faith    .     (helmet restricted)
rPois  .         Spirit   .     o - amulet of regeneration
rElec  +         Reflect  .     h - +3 ring of intelligence
rCorr  .         Harm     .     x - ring "Raevolah" {+Inv rElec Str-3 Int+3} (curse)
MR     .....                    (no ring)
Stlth  ++++......               (no ring)
                                (no ring)
                                (no ring)
                                (no ring)
                                (no ring)

@: mighty, icy armour, slowed, very slow
A: almost no armour, stealthy swim, amphibious, 8 rings, constrict 8, molten
scales 1, thin metallic scales 1, camouflage 1, clever 1, gelatinous body 1,
subdued magic 1
a: Renounce Religion, Evoke Invisibility


You were on level 11 of the Dungeon.
You worshipped Vehumet.
Vehumet was most pleased with you.
You were very hungry.

You visited 3 branches of the dungeon, and saw 13 of its levels.

You collected 540 gold pieces.
You spent 165 gold pieces at shops.

Inventory:

Hand Weapons
 g - a +1 flail of crushing (weapon)
 p - a +2 quarterstaff of speed
 s - a +3 quarterstaff of chaos
 E - a +4 dagger of chaos
 K - a +1 dagger of distortion
Armour
 H - a +0 buckler (worn)
Jewellery
 h - a +3 ring of intelligence (left tentacle)
 o - an amulet of regeneration (around mantle)
 x - the cursed ring "Raevolah" (right tentacle) {+Inv rElec Str-3 Int+3}
   (You found it on level 7 of the Dungeon)

   [ring of strength]

   It affects your strength (-3).
   It affects your intelligence (+3).
   It insulates you from electricity.
   It lets you turn invisible.
   It has a curse placed upon it.
Wands
 d - a wand of lightning (4/15)
 i - a wand of flame (18/48)
 u - a wand of enslavement (15/24)
 y - a wand of acid (0/15)
 G - a wand of enslavement (14/24)
 I - a wand of lightning (1/15)
Scrolls
 c - 4 scrolls of identify
 e - a scroll of fog
 j - 2 scrolls of enchant armour
 k - 6 scrolls of teleportation
 l - 2 scrolls of recharging
 q - 2 scrolls of magic mapping
 t - 7 scrolls of remove curse
 C - a scroll of fear {unknown}
 F - 2 scrolls of holy word {unknown}
 L - a scroll of enchant weapon
Potions
 m - a potion of curing
 z - a potion of agility {unknown}
 A - a potion of might
 D - a potion of cancellation {unknown}
 J - a potion of flight {unknown}
Books
 a - a book of Frost

   Spells                             Type                      Level
   a - Freeze                         Ice                          1
   b - Throw Frost                    Conjuration/Ice              2
   c - Ozocubu's Armour               Charms/Ice                   3
   d - Throw Icicle                   Conjuration/Ice              4
   e - Summon Ice Beast               Ice/Summoning                4
 r - a book of Flames

   Spells                             Type                      Level
   a - Flame Tongue                   Conjuration/Fire             1
   b - Throw Flame                    Conjuration/Fire             2
   c - Conjure Flame                  Conjuration/Fire             3
   d - Inner Flame                    Hexes/Fire                   3
   e - Sticky Flame                   Conjuration/Fire             4
   f - Fireball                       Conjuration/Fire             5
Comestibles
 b - 5 bread rations
 f - 8 fruits
 n - 2 slices of pizza
 v - 2 royal jellies
 w - 2 meat rations
 B - a beef jerky


   Skills:
 + Level 6.9 Fighting
 - Level 6.0 Dodging
 - Level 5.4 Stealth
 + Level 3.2 Shields
 + Level 8.0 Spellcasting
 - Level 7.1 Conjurations
 - Level 4.0 Charms
 - Level 4.0 Summonings
 - Level 6.3 Fire Magic
 - Level 6.2 Ice Magic


You had 5 spell levels left.
You knew the following spells:

 Your Spells              Type           Power        Failure   Level  Hunger
a - Freeze                Ice            ####         1%          1    None
b - Throw Frost           Conj/Ice       #####.       1%          2    None
c - Ozocubu's Armour      Chrm/Ice       ####....     1%          3    None
d - Throw Icicle          Conj/Ice       #####...     1%          4    ##.....
e - Summon Ice Beast      Ice/Summ       ####....     8%          4    ##.....
f - Sticky Flame          Conj/Fire      #####...     1%          4    ##.....
g - Mephitic Cloud        Conj/Pois/Air  ###.....     2%          3    None


Dungeon Overview and Level Annotations

Branches:
Dungeon (11/15)            Temple (1/1) D:7            Lair (1/6) D:9
    Orc (0/2) D:9

Altars:
Ashenzari
Cheibriados
Dithmenos
Elyvilon
Fedhas
Gozag
Hepliaklqana
Kikubaaqudgha
Makhleb
Nemelex Xobeh
Okawaru
Qazlal
Ru
Sif Muna
Trog
Uskayaw
Vehumet
Xom
Yredelemnul
Zin
The Shining One

Shops:
D:7 !

Annotations:
D:4 Grinder
Lair:1 mhoghedin's ghost, journeyman DsGl


Innate Abilities, Weirdness & Mutations

You cannot wear most types of armour.
You are very stealthy in the water. (Stealth+)
You are amphibious.
You can wear up to eight rings at the same time.
You can use your tentacles to constrict eight enemies at once.
Your skin changes colour to match your surroundings (Stealth+).
Your rubbery body absorbs attacks. (AC +1, EV +1)
You are partially covered in molten scales. (AC +2)
You are partially covered in thin metallic scales. (AC +2)
Your mind is acute. (Int +2)
Your spells are a little easier to cast, but a little less powerful.


Message History

The freezing wraith is moderately damaged.
You block the freezing wraith's attack. The freezing wraith hits you!
You block the freezing wraith's attack. The freezing wraith hits you!
The freezing wraith drains your vigour!
You feel yourself slow down.
There is an open door, spattered with blood here.
You are feeling very hungry.
You feel very mighty all of a sudden. The freezing wraith barely misses you.
The freezing wraith hits you.
The freezing wraith hits you but does no damage. x2
You sock the freezing wraith!
The freezing wraith is heavily damaged.
The freezing wraith hits you but does no damage. x3
You block the freezing wraith's attack.
You hit the freezing wraith.
You squeeze the freezing wraith, but do no damage.
The freezing wraith is heavily damaged.
The freezing wraith hits you. The freezing wraith freezes you!
* * * LOW HITPOINT WARNING * * *
You block the freezing wraith's attack. The freezing wraith hits you!
You die...

#......# #......#
#.....(# #..
#......###...>.
#......'...#
#......##### #......#
####W### ##@# #..# #.##
. #####.## ##. #......#
#.. #......# #.#
#......# #.# #......###
#.#
#........######.#######


You could see a freezing wraith.

Vanquished Creatures
  Sonja (D:10)
  2 hill giants (D:9)
  Pikel (D:6)
  Joseph (D:8)
  3 trolls (D:11)
  A two-headed ogre (D:9)
  Prince Ribbit (D:8)
  4 hippogriffs
  8 yaks
  A basilisk (D:11)
  Menkaure (D:7)
  A water moccasin (D:8)
  2 porcupines
  6 sky beasts
  2 ice beasts
  4 orc warriors
  A slave (D:6)
  4 ogres
  A black bear (D:9)
  2 phantoms
  3 centaurs
  2 big kobolds (D:11)
  5 bullfrogs
  4 killer bees (D:7)
  3 scorpions
  4 wights (D:6)
  3 electric eels (D:7)
  4 howler monkeys
  A bullfrog zombie (D:5)
  3 hounds
  Crazy Yiuf (D:3)
  A crimson imp (D:6)
  6 orc priests
  3 centaur skeletons
  4 iguanas
  Terence (D:2)
  7 orc wizards
  10 worker ants
  Natasha (thrice) (D:3)
  A hound skeleton (D:6)
  2 howler monkey zombies
  A worker ant zombie (D:5)
  Robin (D:3)
  7 gnolls
  8 adders
  An adder zombie (D:5)
  An adder skeleton (D:6)
  2 worms
  A dart slug (D:1)
  4 leopard geckos
  37 orcs
  3 bats (D:1)
  9 giant cockroaches
  11 goblins
  13 hobgoblins
  13 jackals
  9 quokkas
  2 ball pythons
  5 frilled lizards
  A jackal skeleton (D:6)
  15 kobolds
  A quokka skeleton (D:9)
  6 rats
269 creatures vanquished.

Vanquished Creatures (collateral kills)
  Psyche (D:9)
  A yak (D:10)
  A water moccasin (D:10)
  An orc warrior (D:8)
  A black bear (D:8)
  A bullfrog (D:10)
  An orc wizard (D:8)
  8 orcs (D:8)
15 creatures vanquished.

Vanquished Creatures (others)
  An orc wizard (D:7)
  2 fungi (D:9)
3 creatures vanquished.

Grand Total: 287 creatures vanquished

Notes
Turn   | Place    | Note
-------+----------+-------------------------------------------
     0 | D:1      | Espgualade the Octopode Ice Elementalist began the quest for the Orb.
     0 | D:1      | Reached XP level 1. HP: 11/11 MP: 3/3
    48 | D:1      | Reached skill level 1 in Fighting
   225 | D:1      | Reached XP level 2. HP: 17/18 MP: 5/5
   889 | D:1      | Reached XP level 3. HP: 25/25 MP: 6/6
  1116 | D:1      | Learned a level 2 spell: Throw Frost
  1120 | D:1      | Learned a level 3 spell: Ozocubu's Armour
  1314 | D:2      | Found a shimmering altar of Xom.
  1332 | D:2      | Noticed Terence
  1340 | D:2      | Killed Terence
  1340 | D:2      | Reached XP level 4. HP: 13/32 MP: 7/7
  1970 | D:3      | Noticed Robin
  2344 | D:3      | Found a hazy altar of Hepliaklqana.
  2366 | D:3      | Reached XP level 5. HP: 33/38 MP: 1/8
  2375 | D:3      | Killed Robin
  2717 | D:3      | Found a runed door.
  2790 | D:3      | Noticed Natasha
  2796 | D:3      | Killed Natasha
  2796 | D:3      | Reached skill level 5 in Fighting
  3146 | D:3      | Noticed Natasha
  3155 | D:3      | Killed Natasha
  3348 | D:3      | Noticed Natasha
  3358 | D:3      | Killed Natasha
  3393 | D:3      | Noticed Crazy Yiuf
  3402 | D:3      | Killed Crazy Yiuf
  3402 | D:3      | Reached XP level 6. HP: 32/45 MP: 2/9
  3967 | D:4      | HP: 2/45 [something (11)]
  3970 | D:4      | Gained mutation: Your spells are a little easier to cast, but a little less powerful. [potion of mutation]
  3970 | D:4      | Gained mutation: You are partially covered in molten scales. (AC +2) [potion of mutation]
  3970 | D:4      | Gained mutation: You are partially covered in thin metallic scales. (AC +2) [potion of mutation]
  4482 | D:4      | Noticed a phantom
  4514 | D:4      | Killed a phantom
  4514 | D:4      | Reached skill level 5 in Stealth
  4514 | D:4      | Reached XP level 7. HP: 50/50 MP: 7/10
  4537 | D:4      | Noticed Grinder
  4579 | D:5      | Entered Level 5 of the Dungeon
  4743 | D:5      | Reached skill level 3 in Spellcasting
  4992 | D:5      | Found a deep blue altar of Sif Muna.
  4992 | D:5      | Found a shadowy altar of Dithmenos.
  5254 | D:5      | Learned a level 4 spell: Throw Icicle
  5294 | D:6      | Reached skill level 5 in Dodging
  5331 | D:6      | Reached XP level 8. HP: 43/55 MP: 13/13
  5370 | D:6      | Reached skill level 4 in Spellcasting
  5493 | D:6      | Noticed Pikel
  5825 | D:6      | Reached skill level 5 in Spellcasting
  6017 | D:6      | Found a bloodstained altar of Trog.
  6122 | D:6      | Gained mutation: Your mind is acute. (Int +2) [potion of beneficial mutation]
  6137 | D:6      | Killed Pikel
  6137 | D:6      | Reached skill level 6 in Spellcasting
  6137 | D:6      | Reached skill level 5 in Ice Magic
  6137 | D:6      | Reached XP level 9. HP: 54/61 MP: 10/18
  6174 | D:6      | Learned a level 4 spell: Summon Ice Beast
  6176 | D:7      | Noticed Menkaure
  6402 | D:7      | Got a slimy silver ring
  6403 | D:7      | Identified the cursed ring "Raevolah" {+Inv rElec Str-3 Int+3} (You found it on level 7 of the Dungeon)
  6515 | D:7      | Found Movehore's Distillery.
  6538 | D:7      | Bought a potion of heal wounds for 75 gold pieces
  6538 | D:7      | Bought 2 potions of curing for 90 gold pieces
  6574 | D:7      | Reached skill level 7 in Spellcasting
  6609 | D:7      | Killed Menkaure
  6609 | D:7      | Reached skill level 1 in Charms
  6609 | D:7      | Reached skill level 1 in Summonings
  7169 | D:7      | Found a staircase to the Ecumenical Temple.
  7187 | Temple   | Entered the Ecumenical Temple
  7486 | Temple   | Became a worshipper of Vehumet
  7982 | D:7      | Reached XP level 10. HP: 66/66 MP: 20/20
  8191 | D:8      | Noticed Prince Ribbit
  8317 | D:8      | Killed Prince Ribbit
  8372 | D:8      | Learned a level 4 spell: Sticky Flame
  8383 | D:8      | Reached * piety under Vehumet
  8383 | D:8      | Offered knowledge of Shock by Vehumet.
  8403 | D:8      | Reached skill level 1 in Fire Magic
  8509 | D:8      | Noticed Joseph
  8529 | D:8      | Killed Joseph
  8835 | D:8      | Reached ** piety under Vehumet
  8835 | D:8      | Offered knowledge of Sandblast by Vehumet.
  9048 | D:8      | Reached skill level 5 in Conjurations
  9505 | D:9      | Reached skill level 5 in Fire Magic
  9516 | D:9      | Found a staircase to the Lair.
  9526 | D:9      | Noticed a hill giant
  9723 | D:9      | Found a staircase to the Orcish Mines.
  9869 | D:9      | Noticed Psyche
  9916 | D:9      | Killed Psyche
  9916 | D:9      | Reached XP level 11. HP: 72/72 MP: 3/21
 10024 | D:9      | Killed a hill giant
 10338 | Lair:1   | Entered Level 1 of the Lair of Beasts
 10429 | Lair:1   | Noticed mhoghedin's ghost (journeyman DsGl)
 10464 | D:10     | Entered Level 10 of the Dungeon
 10481 | D:10     | Noticed a hill giant
 10568 | D:9      | Killed a hill giant
 10961 | D:10     | Noticed Sonja
 10995 | D:10     | Killed Sonja
 10995 | D:10     | Reached skill level 1 in Shields
 11093 | D:10     | Offered knowledge of Mephitic Cloud by Vehumet.
 11108 | D:10     | Learned a level 3 spell: Mephitic Cloud
 11692 | D:11     | Reached *** piety under Vehumet
 11771 | D:11     | Noticed a brown ugly thing
 11965 | D:11     | Noticed a hill giant
 12195 | D:11     | Reached skill level 8 in Spellcasting
 12218 | D:11     | Slain by a freezing wraith

Vault maps used:
D:1:      minmay_arrival_arboretum_small, minivault_27, st_stairs_3,
          minmay_misc_feat_nine_boxes
D:2:      first_bread, xom_teletrap_fun, uniq_terence
D:3:      old_standard_altar, serial_bayou_lagoon_a, bh_walls_and_bars,
          uniq_robin, uniq_natasha, uniq_crazy_yiuf_cottage
D:4:      minmay_misc_feat_square, uniq_grinder
D:5:      gammafunk_temple_overflow_elements, hangedman_abyss_or_decor_stabs
D:6:      lightli_temple_of_fire, supply_closet_lemuel, uniq_pikel
D:7:      serial_shops, shop, water_maze_lemuel, uniq_menkaure
D:8:      uniq_joseph, uniq_prince_ribbit1
D:9:      grunt_lair_entry_orc_guard_hut, orc_0_dummy, uniq_psyche
D:10:     uniq_sonja
Temple:   minmay_temple_bridge_d
Lair:1:   fungi_pond_lemuel, st_stairs_4, uniq_grum

Skill      XL: |  1  2  3  4  5  6  7  8  9 10 11 |
---------------+----------------------------------+-----
Fighting       | 1 2 3 4 5 6 |  6.9
Stealth        | 3 5 |  5.4
Dodging        | 3 5 6 |  6.0
Spellcasting   | 3 6 7 8 |  8.0
Ice Magic      | 5 6 |  6.2
Charms         | 3 4 |  4.0
Summonings     | 3 4 |  4.0
Conjurations   | 6 7 |  7.1
Fire Magic     | 5 6 |  6.3
Shields        | 3 |  3.2

Action                   |  1- 3 |  4- 6 |  7- 9 | 10-12 || total
-------------------------+-------+-------+-------+-------++-------
Melee: Unarmed           |    28 |       |       |       ||    28
       Constrict         |    22 |    29 |    58 |    52 ||   161
       Tentacles         |    14 |    16 |    42 |    58 ||   130
       Whip              |    49 |    95 |       |       ||   144
       Flail             |       |    20 |   300 |   372 ||   692
 Cast: Freeze            |     4 |    17 |    28 |    42 ||    91
       Ozocubu's Armour  |       |     5 |     9 |    25 ||    39
       Throw Frost       |       |     3 |     4 |     3 ||    10
       Throw Icicle      |       |       |     1 |    16 ||    17
       Sticky Flame      |       |       |       |    30 ||    30
       Summon Ice Beast  |       |       |       |    15 ||    15
Evoke: Wand              |       |       |       |     4 ||     4
  Use: Scroll            |     3 |     3 |     7 |     3 ||    16
       Potion            |     1 |     7 |     2 |     7 ||    17
 Stab: Sleeping          |     4 |     4 |    19 |     6 ||    33
       Distracted        |       |       |     1 |       ||     1
  Eat: Chunk             |     1 |     4 |     3 |     6 ||    14
       Fruit             |       |     1 |       |       ||     1
       Bread ration      |       |     2 |     2 |     2 ||     6
Armor: Skin              |     5 |    12 |    69 |   127 ||   213
Dodge: Dodged            |    59 |    61 |   282 |   390 ||   792
Block: Buckler           |       |       |       |    31 ||    31
